 Dungeon Crawl Stone Soup version 0.13-a0-2907-g70ca29e (webtiles) character file.

1948 PolkaDot the Jinx (level 8, -1/52 HPs)
             Began as a Vampire Enchanter on Aug 31, 2013.
             Was a Believer of Vehumet.
             Slain by a six-headed hydra zombie (7 damage)
             ... on Level 8 of the Dungeon.
             The game lasted 00:46:50 (7153 turns).

PolkaDot the Jinx (Vampire Enchanter)               Turns: 7153, Time: 00:46:51

HP  -1/52        AC  3     Str  7      XL: 8   Next: 58%
MP  26/27        EV 12     Int 18      God: Vehumet [**....]
Gold 392         SH  0     Dex 14      Spells:  4 memorised,  4 levels left

Res.Fire  : . . .   See Invis. : +   a - +1 dagger {=f}
Res.Cold  : + . .   Warding    : .   u - +1 robe "Notasef" {+Inv Int-1 Stlth}
Life Prot.: + + .   Conserve   : +   (no shield)
Res.Poison: +       Res.Corr.  : .   (no helmet)
Res.Elec. : .       Clarity    : .   (no cloak)
Sust.Abil.: . .     Spirit.Shd : .   (no gloves)
Res.Mut.  : .       Stasis     : .   (no boots)
Res.Rott. : +       Flight     : .   r - amulet of conservation
Saprovore : . . .                    w - ring of invisibility
                                     s - ring of magical power

@: regenerating slowly, invisible, very slightly contaminated, somewhat
resistant to hostile enchantments, extremely stealthy
A: bottle blood, fangs 3, see invisible, unbreathing
a: Bat Form, Bottle Blood, Renounce Religion, Turn Visible


You were on level 8 of the Dungeon.
You worshipped Vehumet.
Vehumet was greatly pleased with you.
You were very thirsty.

You visited 1 branch of the dungeon, and saw 8 of its levels.

You collected 372 gold pieces.

Inventory:

Hand weapons
 a - a +1,+1 dagger (weapon) {=f}
 C - a +3,+0 elven sabre
Missiles
 d - 12 darts (quivered)
Armour
 b - a +2 robe
 u - the +1 robe "Notasef" (worn) {+Inv Int-1 Stlth}
   (You found it on level 4 of the Dungeon)

   It affects your intelligence (-1).
   It lets you turn invisible.
   It makes you more stealthy.
Magical devices
 k - a wand of hasting (3) {unknown}
 n - a wand of draining (5) {unknown}
 q - a wand of enslavement (2) {unknown}
 t - a wand of cold (3) {unknown}
 y - a wand of random effects (8) {unknown}
 B - a wand of magic darts (5) {unknown}
Scrolls
 f - a scroll of curse jewellery {unknown}
 h - a scroll of acquirement {unknown}
 j - a scroll of identify
 l - a scroll of immolation {unknown}
 p - a scroll of fear {unknown}
 v - 9 scrolls of remove curse {unknown}
Jewellery
 r - an amulet of conservation (around neck)
 s - a ring of magical power (left hand)
 w - a ring of invisibility (right hand)
Potions
 e - a potion of curing
 i - a potion of resistance
 m - a potion of might
 x - 2 potions of restore abilities
 z - 2 potions of heal wounds
Books
 c - a book of Maledictions

   Spells                             Type                      Level
   *Corona                            Hexes                        1
   Sure Blade                         Hexes/Charms                 2
   *Ensorcelled Hibernation           Hexes/Ice                    2
   *Confuse                           Hexes                        3
   *Enslavement                       Hexes                        4
   Invisibility                       Hexes                        6
 o - a book of Annihilations {highlevel}

   This book is beyond your current level of understanding.

   Spells                             Type                      Level
   Poison Arrow                       Conjuration/Poison           6
   Orb of Destruction                 Conjuration                  7
   Chain Lightning                    Conjuration/Air              8
   Lehudib's Crystal Spear            Conjuration/Earth            8
   Ice Storm                          Conjuration/Ice              9
   Fire Storm                         Conjuration/Fire             9


   Skills:
 - Level 3.4 Short Blades
 - Level 0.7 Throwing
 - Level 2.1 Dodging
 + Level 8.7 Stealth
 - Level 3.6 Spellcasting
 + Level 10.3 Hexes
 * Level 4.1 Ice Magic


You had 4 spell levels left.
You knew the following spells:

 Your Spells              Type           Power        Failure   Level  Hunger
a - Corona                Hex            #####..      1%          1    None
c - Confuse               Hex            #####...     1%          3    ###....
d - Ensorcelled Hibernat  Hex/Ice        ####..       1%          2    ##.....
e - Enslavement           Hex            #####...     2%          4    ####...


Dungeon Overview and Level Annotations

Branches:
Dungeon (8/27)             Temple (0/1) D:5            Lair (0/8) D:8
    Orc: D:6-11

Altars:
Kikubaaqudgha
Sif Muna
Trog
Vehumet
Xom


Innate Abilities, Weirdness & Mutations

You heal slowly.
You can bottle blood from corpses.
You have razor-sharp teeth.*
You have supernaturally acute eyesight.
You can survive without breathing.*


Message History

You feel somewhat more thirsty.
Found a staircase to the Lair.
A rat and a porcupine come into view.
A rat, a green rat and a quokka come into view.
Found a scroll labeled PIRISEIGR FEICW.
The helpless six-headed hydra zombie fails to defend itself.
You perforate the six-headed hydra zombie like a sieve!!!
The six-headed hydra zombie misses you. The six-headed hydra zombie bites you.
The six-headed hydra zombie bites you!
The six-headed hydra zombie barely misses you.
The six-headed hydra zombie closely misses you.
You hit the six-headed hydra zombie. You hit the six-headed hydra zombie.
The six-headed hydra zombie bites you. The six-headed hydra zombie bites you!
The six-headed hydra zombie bites you but does no damage.
The six-headed hydra zombie closely misses you.
The six-headed hydra zombie bites you!
* * * LOW HITPOINT WARNING * * *
The six-headed hydra zombie bites you!
You die...

#### ##..###########
##.............####
###.....####..$......#
####.....#.#
#.........#
...#....##.#
#.........#
........##.#
#.@.......#
......####.#
#..Z......# .#...##
#.# #......... .#####
#.. .....>.... ...###
### ##c........ .....#
#........ .....##
#....... ##....##
#rr.... #.....#


rrr You could see a centaur (sleeping), a porcupine (sleeping), a green rat
(sleeping), a six-headed hydra zombie, a quokka (sleeping) and 2 rats.

Vanquished Creatures
  A black bear (D:6)
  2 giant frogs
  4 killer bees (D:8)
  3 crimson imps
  A hippogriff skeleton (D:7)
  3 hounds
  An orc priest (D:3)
  2 iguanas
  A gnoll shaman (D:8)
  2 worker ants
  A giant frog skeleton (D:4)
  2 scorpions
  4 orc wizards
  A killer bee zombie (D:5)
  Ijyb (D:2)
  3 adders
  11 gnolls
  2 worms
  A scorpion zombie (D:7)
  5 giant geckos
  15 orcs
  A bat skeleton (D:8)
  5 giant cockroaches
  13 goblins
  16 hobgoblins
  3 jackals (D:5)
  2 quokkas
  7 bats
  A giant cockroach zombie (D:6)
  8 giant newts
  A giant spore (D:8)
  A goblin skeleton (D:4)
  17 kobolds
  2 orc skeletons (D:4)
  An orc zombie (D:7)
  9 rats
  3 ballistomycetes
156 creatures vanquished.

Vanquished Creatures (others)
  A hobgoblin (D:6)
  A giant spore (D:6)
  A ballistomycete (D:6)
3 creatures vanquished.

Grand Total: 159 creatures vanquished

Notes
Turn   | Place    | Note
--------------------------------------------------------------
     0 | D:1      | PolkaDot, the Vampire Enchanter, began the quest for the Orb.
     0 | D:1      | Reached XP level 1. HP: 13/13 MP: 4/4
   585 | D:1      | Reached XP level 2. HP: 8/19 MP: 5/5
  1387 | D:2      | Noticed Ijyb
  1491 | D:2      | Killed Ijyb
  1491 | D:2      | Reached XP level 3. HP: 24/24 MP: 6/6
  1845 | D:2      | Learned a level 3 spell: Confuse
  1950 | D:2      | Found a radiant altar of Vehumet.
  1951 | D:2      | Found an ancient bone altar of Kikubaaqudgha.
  1988 | D:2      | Became a worshipper of Vehumet
  2112 | D:3      | Reached XP level 4. HP: 28/30 MP: 8/8
  2308 | D:3      | Reached skill level 5 in Hexes
  2449 | D:3      | Reached XP level 5. HP: 15/35 MP: 0/10
  2645 | D:3      | Reached skill level 5 in Stealth
  2829 | D:3      | Reached skill level 6 in Hexes
  2917 | D:3      | Learned a level 4 spell: Enslavement
  2927 | D:3      | Acquired Vehumet's first power
  2927 | D:3      | Offered knowledge of Freeze by Vehumet.
  2973 | D:3      | Found a deep blue altar of Sif Muna.
  3386 | D:4      | Got a heavy robe
  3392 | D:4      | Identified the +1 robe "Notasef" {+Inv Int-1 Stlth} (You found it on level 4 of the Dungeon)
  4152 | D:4      | Reached XP level 6. HP: 37/41 MP: 9/12
  4239 | D:4      | Reached skill level 7 in Hexes
  4283 | D:5      | Entered Level 5 of the Dungeon
  4794 | D:5      | Reached skill level 8 in Hexes
  4849 | D:5      | Found a staircase to the Ecumenical Temple.
  5068 | D:5      | Reached XP level 7. HP: 46/46 MP: 15/15
  5440 | D:6      | Found a bloodstained altar of Trog.
  5801 | D:6      | Reached skill level 9 in Hexes
  5898 | D:6      | Learned a level 2 spell: Ensorcelled Hibernation
  5954 | D:6      | Offered knowledge of Throw Flame by Vehumet.
  6128 | D:7      | Reached skill level 1 in Ice Magic
  6208 | D:7      | Reached XP level 8. HP: 52/52 MP: 18/18
  6401 | D:7      | Found a shimmering altar of Xom.
  6814 | D:8      | Reached skill level 10 in Hexes
  6890 | D:8      | Offered knowledge of Conjure Flame by Vehumet.
  7147 | D:8      | Found a staircase to the Lair.
  7153 | D:8      | Slain by a six-headed hydra zombie

Action                   |  1- 3 |  4- 6 |  7- 9 || total
-------------------------+-------+-------+-------++-------
Melee: Dagger            |   220 |   377 |   190 ||   787
Throw: Dart              |       |       |     1 ||     1
 Cast: Confuse           |     1 |    40 |    29 ||    70
       Ensorcelled Hiber |       |       |    34 ||    34
 Abil: Evoke Invisibilit |       |     2 |     4 ||     6
  Use: Potion            |     3 |    13 |       ||    16
       Scroll            |       |       |    15 ||    15
 Stab: Sleeping          |     8 |     9 |    35 ||    52
       Invisible         |     2 |     3 |     1 ||     6
       Confused          |     1 |    19 |    15 ||    35
       Distracted        |       |       |     1 ||     1
